[Event "CZE-ch U16 Girls 2023"]
[Site "Teplice"]
[Date "2023.03.12"]
[Round "2.12"]
[White "Stavova, Marketa"]
[Black "Foldynova, Julie"]
[Result "1-0"]
[ECO "C42"]
[WhiteElo "1284"]
[BlackElo "1100"]
[Annotator "NA RC COMBH"]
[PlyCount "135"]
[EventDate "2023.03.09"]
[EventType "swiss"]
[EventCountry "CZE"]
[SourceTitle "playchess.com"]
[Source "ChessBase"]
[SourceQuality "1"]
[TimeControl "40/5400+30:1800+30"]

1. e4 e5 2. Nf3 Nf6 3. Nxe5 d6 4. Nf3 Nxe4 5. d4 d5 6. Bd3 Be7 7. O-O Nc6 8. c4 Bg4 9. Be3 O-O 10. Nc3 Nf6 11. h3 Bxf3 12. Qxf3 dxc4 13. Bxc4 Nxd4 14. Qxb7 Nf5 15. Rad1 Nd6 16. Qc6 Qb8 17. Bb3 Nf5 18. Bf4 Bd6 19. Bxd6 Nxd6 20. Rfe1 Qb6 21. Qxb6 axb6 22. Re7 Rac8 23. Rde1 Nf5 24. R7e5 Nd4 25. Bc4 c5 26. a3 h6 27. Nd5 Nxd5 28. Bxd5 Rfd8 29. Be4 Nc6 30. Rd5 Re8 31. Kf1 Nd4 32. b4 Nb3 33. bxc5 bxc5 34. Bc2 Rxe1+ 35. Kxe1 Nd4 36. Bd3 Ra8 37. Rxc5 g6 38. Rc4 Ne6 39. a4 Ra5 40. Rb4 Nc5 41. Bb5 Kf8 42. Kd2 Ke7 43. Kc3 Kd6 44. Rc4 Nb7 45. Kb4 Ra7 46. Rc6+ Kd5 47. Rc7 Kd6 48. Rxf7 Ke6 49. Rh7 h5 50. Bc6 Nd8 51. Rxa7 Nxc6+ 52. Kb5 Nxa7+ 53. Kb6 Nc8+ 54. Kc7 Nd6 55. a5 Nb5+ 56. Kb6 Nd6 57. a6 Kd7 58. a7 Nc8+ 59. Kb7 Nxa7 60. Kxa7 Ke6 61. Kb6 Kf5 62. Kc5 g5 63. Kd4 g4 64. hxg4+ hxg4 65. Ke3 Kg5 66. Ke4 g3 67. f3 Kf6 68. Kf4 1-0

[Event "CZE-ch U16 Girls 2023"]
[Site "Teplice"]
[Date "2023.03.13"]
[Round "3.1"]
[White "Zelbova, Lada"]
[Black "Dudkova, Josefina"]
[Result "1-0"]
[ECO "B01"]
[WhiteElo "1822"]
[BlackElo "1519"]
[Annotator "NA RC COMBH"]
[PlyCount "43"]
[EventDate "2023.03.09"]
[EventType "swiss"]
[EventCountry "CZE"]
[SourceTitle "playchess.com"]
[Source "ChessBase"]
[SourceQuality "1"]
[TimeControl "40/5400+30:1800+30"]

1. e4 d5 2. exd5 Qxd5 3. Nc3 Qd6 4. d4 Nf6 5. Nf3 c6 6. h3 g6 7. Bd3 Bg7 8. O-O O-O 9. Qe2 Nbd7 10. Rd1 Nb6 11. Ne5 Nbd5 12. Nxd5 cxd5 13. Bf4 Qb6 14. c3 e6 15. h4 $16 Bd7 16. g4 Rfd8 17. h5 a6 18. Qf3 Ne8 19. Nxf7 Rdc8 20. Nh6+ Kh8 21. Be5 Nd6 22. Qf6 1-0

[Event "CZE-ch U16 Girls 2023"]
[Site "Teplice"]
[Date "2023.03.13"]
[Round "3.2"]
[White "Havelkova, Beata"]
[Black "Kavanova, Anezka"]
[Result "1-0"]
[ECO "B22"]
[WhiteElo "1670"]
[BlackElo "1384"]
[Annotator "NA RC COMBH"]
[PlyCount "67"]
[EventDate "2023.03.09"]
[EventType "swiss"]
[EventCountry "CZE"]
[SourceTitle "playchess.com"]
[Source "ChessBase"]
[SourceQuality "1"]
[TimeControl "40/5400+30:1800+30"]

1. e4 c5 2. c3 d5 3. exd5 Qxd5 4. d4 g6 5. Nf3 Bg7 6. Na3 a6 7. Bc4 Qc6 8. dxc5 Qxc5 9. O-O Nf6 10. Be3 Qc7 11. Qb3 O-O 12. Bb6 Qf4 13. Rfe1 Nc6 14. Rad1 Bg4 15. Rd3 Bf5 16. Rde3 Ng4 17. R3e2 Nce5 18. Rxe5 Bxe5 19. h3 Be4 20. hxg4 Qxg4 21. Bd5 Bxd5 22. Qxd5 Bf6 23. Qxb7 Qa4 24. Qe4 Qd7 25. Bd4 Rab8 26. b3 Rfe8 27. Nc4 Qb5 28. Bxf6 exf6 29. Qf4 Rxe1+ 30. Nxe1 Re8 31. Nf3 Rd8 32. Ne3 Qc6 33. c4 Kg7 34. Nd5 1-0

[Event "CZE-ch U16 Girls 2023"]
[Site "Teplice"]
[Date "2023.03.13"]
[Round "3.3"]
[White "Cinkova, Vicky"]
[Black "Janouskova, Adela"]
[Result "1-0"]
[ECO "A10"]
[WhiteElo "1285"]
[BlackElo "1558"]
[Annotator "NA RC COMBH"]
[PlyCount "135"]
[EventDate "2023.03.09"]
[EventType "swiss"]
[EventCountry "CZE"]
[SourceTitle "playchess.com"]
[Source "ChessBase"]
[SourceQuality "1"]
[TimeControl "40/5400+30:1800+30"]

1. c4 f5 2. Nc3 Nf6 3. g3 g6 4. Bg2 Bg7 5. d3 O-O 6. Nf3 d6 7. O-O Nbd7 8. Bd2 e5 9. b4 Re8 10. Rc1 Rb8 11. a4 b6 12. Qc2 Bb7 13. Rb1 a6 14. Qa2 Kf8 15. a5 bxa5 16. bxa5 Nc5 17. Na4 Nfd7 18. Bb4 Ne6 19. Qa3 Kg8 20. c5 dxc5 21. Nxc5 Ndxc5 22. Bxc5 Nxc5 23. Qxc5 h6 24. Rfc1 c6 25. Nh4 Qf6 26. Bxc6 Bxc6 27. Rxb8 Rxb8 28. Qxc6 Rf8 29. Qd5+ Kh7 30. Rc6 Qg5 31. Rxa6 Qc1+ 32. Kg2 g5 33. Ng6 Re8 34. Qf7 Qc8 35. Ra7 Qc6+ 36. f3 Qxg6 37. Qxg6+ Kxg6 38. Rb7 Ra8 39. Rb6+ Kf7 40. a6 Kf8 41. f4 e4 42. dxe4 fxe4 43. fxg5 hxg5 44. Kh3 Bd4 45. Re6 e3 46. Kg4 Kf7 47. Re4 Bb6 48. Ra4 Kg6 49. h4 gxh4 50. gxh4 Rd8 51. a7 Ra8 52. Ra6 Rxa7 53. Rxb6+ Kh7 54. Re6 Ra4+ 55. Kg3 Ra3 56. Kf3 Ra4 57. h5 Rh4 58. h6 Rxh6 59. Rxh6+ Kxh6 60. Kxe3 Kg6 61. Ke4 Kf6 62. Kd5 Ke7 63. e3 Kf6 64. e4 Kf7 65. Kd6 Ke8 66. e5 Kd8 67. e6 Ke8 68. e7 1-0

[Event "CZE-ch U16 Girls 2023"]
[Site "Teplice"]
[Date "2023.03.13"]
[Round "3.4"]
[White "Vacekova, Anita"]
[Black "Vavrinkova, Marie"]
[Result "1-0"]
[ECO "B42"]
[WhiteElo "1350"]
[BlackElo "1457"]
[Annotator "NA RC COMBH"]
[PlyCount "135"]
[EventDate "2023.03.09"]
[EventType "swiss"]
[EventCountry "CZE"]
[SourceTitle "playchess.com"]
[Source "ChessBase"]
[SourceQuality "1"]
[TimeControl "40/5400+30:1800+30"]

1. e4 c5 2. Nf3 e6 3. d4 cxd4 4. Nxd4 a6 5. Bd3 Bc5 6. Nb3 Be7 7. O-O d6 8. Be3 Nf6 9. N1d2 Nbd7 10. f4 b6 11. Qe2 Bb7 12. Rad1 Qc7 13. Bd4 h5 14. h3 h4 15. e5 dxe5 16. fxe5 Nh5 17. Qg4 Nxe5 18. Bxe5 Qxe5 19. Rde1 Qc7 20. Ne4 Rh6 21. Ng5 Nf6 22. Qf4 Qxf4 23. Rxf4 Bd6 24. Rff1 Bg3 25. Rd1 Rh5 26. Nf3 e5 27. Nfd2 e4 28. Be2 Re5 29. Nc4 Re7 30. Nxb6 Rd8 31. Nc5 e3 32. Rxd8+ Kxd8 33. Nxb7+ Rxb7 34. Nc4 Bf2+ 35. Kh2 Ne4 36. Rd1+ Rd7 37. Rxd7+ Kxd7 38. Ne5+ Ke6 39. Nd3 f5 40. Nxf2 exf2 41. g4 Ng3 42. Bc4+ Ke5 43. Kg2 fxg4 44. hxg4 Ne4 45. Bxa6 Kf4 46. Be2 Ke3 47. Bd3 Nc5 48. Bb5 Kf4 49. Kxf2 Kxg4 50. a4 h3 51. a5 Ne4+ 52. Ke3 h2 53. Be2+ Kg3 54. Bf3 Nd6 55. Ke2 g5 56. a6 Nb5 57. c3 g4 58. Bh1 Kh3 59. Kf2 Na7 60. b4 g3+ 61. Kf1 Kg4 62. Bd5 Kf5 63. Kg2 Ke5 64. c4 Kd6 65. Kxg3 Kc7 66. Kxh2 Kc8 67. Kg3 Kb8 68. Bb7 1-0

[Event "CZE-ch U16 Girls 2023"]
[Site "Teplice"]
[Date "2023.03.13"]
[Round "3.5"]
[White "Dominikova, Denisa"]
[Black "Sikorova, Jana"]
[Result "1/2-1/2"]
[ECO "B28"]
[WhiteElo "1301"]
[BlackElo "1735"]
[Annotator "NA RC COMBH"]
[PlyCount "73"]
[EventDate "2023.03.09"]
[EventType "swiss"]
[EventCountry "CZE"]
[SourceTitle "playchess.com"]
[Source "ChessBase"]
[SourceQuality "1"]
[TimeControl "40/5400+30:1800+30"]

1. e4 c5 2. Nf3 a6 3. d4 cxd4 4. Nxd4 Nf6 5. Bd3 e5 6. Nb3 Nc6 7. Nc3 Bb4 8. Bd2 d5 9. Nxd5 Nxd5 10. exd5 Qxd5 11. O-O Be6 12. Re1 Bxd2 13. Qxd2 Rd8 14. Qg5 O-O 15. Rad1 e4 16. Qxd5 Bxd5 17. Bf1 f5 18. Rxd5 Rxd5 19. Bc4 Rfd8 20. Rd1 Ne7 21. Nc5 b6 22. Bxd5+ Nxd5 23. Nxa6 Ra8 24. Rxd5 Rxa6 25. a3 g6 26. Rd7 Ra5 27. Kf1 Rc5 28. c3 b5 29. Ke2 h5 30. h4 Kf8 31. Ke3 Ke8 32. Rg7 Rc6 33. Rb7 Rc5 34. Kd4 Rc4+ 35. Ke3 Rc5 36. Kd4 Rc4+ 37. Ke3 1/2-1/2

[Event "CZE-ch U16 Girls 2023"]
[Site "Teplice"]
[Date "2023.03.13"]
[Round "3.6"]
[White "Seda, Michaela"]
[Black "Andilova, Klara"]
[Result "1/2-1/2"]
[ECO "C61"]
[WhiteElo "1610"]
[BlackElo "1104"]
[Annotator "NA RC COMBH"]
[PlyCount "103"]
[EventDate "2023.03.09"]
[EventType "swiss"]
[EventCountry "CZE"]
[SourceTitle "playchess.com"]
[Source "ChessBase"]
[SourceQuality "1"]
[TimeControl "40/5400+30:1800+30"]

1. e4 e5 2. Nf3 Nc6 3. Bb5 Nd4 4. Nxd4 exd4 5. d3 c6 6. Bc4 Nf6 7. Bg5 d6 8. O-O Be7 9. Nd2 b5 10. Bb3 a5 11. a4 b4 12. h3 O-O 13. f4 Be6 14. Bxe6 fxe6 15. Nf3 Nd7 16. Nxd4 Qb6 17. Bxe7 Qxd4+ 18. Kh1 Rf7 19. Bh4 Raf8 20. Bg3 Qxb2 21. f5 d5 22. Bd6 Re8 23. fxe6 Rxf1+ 24. Qxf1 Rxe6 25. Bc7 Qxc2 26. Bxa5 dxe4 27. Qf5 Qb3 28. dxe4 Nf8 29. e5 g6 30. Qf4 Re7 31. Bxb4 Rf7 32. Qd2 Nd7 33. Bc3 Nc5 34. Qd4 Ne6 35. Qd2 Nc5 36. Qb2 Qd5 37. Bd4 Nd3 38. Qb8+ Rf8 39. Qd6 Qe4 40. Qe6+ Kg7 41. Bg1 Nf2+ 42. Bxf2 Rxf2 43. Qg4 Qxe5 44. Rb1 Qd5 45. Rb7+ Rf7 46. Rxf7+ Qxf7 47. Qd4+ Kg8 48. a5 Qf1+ 49. Kh2 Qb5 50. Qb6 Qe5+ 51. Kh1 Qe1+ 52. Kh2 1/2-1/2

[Event "CZE-ch U16 Girls 2023"]
[Site "Teplice"]
[Date "2023.03.13"]
[Round "3.7"]
[White "Souralova, Jana"]
[Black "Dobsa, Emma"]
[Result "0-1"]
[ECO "C49"]
[WhiteElo "1187"]
[BlackElo "1449"]
[Annotator "NA RC COMBH"]
[PlyCount "92"]
[EventDate "2023.03.09"]
[EventType "swiss"]
[EventCountry "CZE"]
[SourceTitle "playchess.com"]
[Source "ChessBase"]
[SourceQuality "1"]
[TimeControl "40/5400+30:1800+30"]

1. e4 e5 2. Nf3 Nc6 3. Nc3 Nf6 4. Bb5 Bb4 5. O-O O-O 6. d3 d6 7. Ne2 Bg4 8. Ng3 Bxf3 9. gxf3 h6 10. Be3 Ne7 11. c3 Ba5 12. Qd2 c6 13. Ba4 Kh7 14. Kh1 d5 15. d4 Ng6 16. Rg1 Qc7 17. Bc2 Rad8 18. Rad1 dxe4 19. b4 Bb6 20. Nxe4 Nd5 21. Qd3 exd4 22. Bxd4 Nxb4 23. cxb4 Rxd4 24. Qc3 Rxd1 25. Rxd1 Qf4 26. Nc5 Bc7 27. Kg1 Qxh2+ 28. Kf1 Qh1+ 29. Ke2 Re8+ 30. Be4 Qh2 31. Kf1 b6 32. Nd3 Kg8 33. Qxc6 Qh3+ 34. Ke2 Re7 35. Qa8+ Kh7 36. Kd2 f5 37. Qc8 Rf7 38. Rc1 Bf4+ 39. Nxf4 Nxf4 40. Rc4 fxe4 41. Qxh3 Nxh3 42. fxe4 Nxf2 43. e5 Re7 44. Rf4 Nh3 45. Re4 Ng5 46. Re3 Rxe5 0-1

[Event "CZE-ch U16 Girls 2023"]
[Site "Teplice"]
[Date "2023.03.13"]
[Round "3.8"]
[White "Macova, Marketa"]
[Black "Barteckova, Denisa"]
[Result "0-1"]
[ECO "B01"]
[WhiteElo "1195"]
[BlackElo "1417"]
[Annotator "NA COMBH"]
[PlyCount "104"]
[EventDate "2023.03.09"]
[EventType "swiss"]
[EventCountry "CZE"]
[SourceTitle "playchess.com"]
[Source "ChessBase"]
[SourceQuality "1"]
[TimeControl "40/5400+30:1800+30"]

1. e4 d5 2. e5 Bf5 3. Nf3 e6 4. d4 c5 5. c3 Nc6 6. Bb5 Qb6 7. Bxc6+ bxc6 8. O-O Bg4 9. dxc5 Bxc5 10. b4 Be7 11. Be3 Qc7 12. Nbd2 f6 13. Bf4 g5 14. Bg3 f5 15. h3 Bh5 16. Re1 Nh6 17. Qc2 Bg6 18. Qb3 O-O 19. c4 Rfb8 20. c5 a5 21. a3 Qb7 22. Nd4 Kf7 23. f4 g4 24. Rab1 Qc7 25. h4 Rb7 26. Kf2 Bxc5 27. Qc3 Bxd4+ 28. Qxd4 axb4 29. axb4 Qb6 30. Qxb6 Rxb6 31. Rb2 Rab8 32. Reb1 c5 33. b5 Ke7 34. Ke2 Be8 35. Bf2 d4 36. g3 Rxb5 37. Rxb5 Rxb5 38. Ra1 Rb7 39. Rc1 Bb5+ 40. Ke1 c4 41. Bxd4 Rc7 42. Rc3 Nf7 43. Kd1 Nd8 44. Ra3 Kd7 45. Kc2 Nc6 46. Bc5 Nxe5 47. Be3 Nc6 48. Kc3 Ne7 49. Bf2 Nd5+ 50. Kd4 c3 51. Nb3 Rc4+ 52. Ke5 Re4# 0-1

[Event "CZE-ch U16 Girls 2023"]
[Site "Teplice"]
[Date "2023.03.13"]
[Round "3.10"]
[White "Mullerova, Karina Nela"]
[Black "Stavova, Marketa"]
[Result "1/2-1/2"]
[ECO "A00"]
[WhiteElo "1283"]
[BlackElo "1284"]
[Annotator "NA RC COMBH"]
[PlyCount "87"]
[EventDate "2023.03.09"]
[EventType "swiss"]
[EventCountry "CZE"]
[SourceTitle "playchess.com"]
[Source "ChessBase"]
[SourceQuality "1"]
[TimeControl "40/5400+30:1800+30"]

1. b4 e5 2. Bb2 d6 3. e3 Nf6 4. c4 Be6 5. d3 Nbd7 6. Nd2 c6 7. a3 Qc7 8. Ngf3 Be7 9. Be2 O-O 10. O-O b6 11. Qc2 Qb8 12. d4 Ne8 13. Ne4 Bf5 14. Bd3 Bg6 15. Neg5 f5 16. e4 f4 17. dxe5 dxe5 18. c5 bxc5 19. bxc5 Nef6 20. Rab1 Qc8 21. Nxe5 Nxe5 22. Bxe5 h6 23. Qc4+ Kh8 24. Ne6 Bf7 25. Nxf8 Bxc4 26. Ng6+ Kh7 27. Nxe7 Qe6 28. Bxc4 Qxe7 29. Bd6 Qxe4 30. Rbc1 f3 31. Rfd1 Qg4 32. Bg3 Re8 33. h3 Qh5 34. Bd3+ Kh8 35. Bf1 Rc8 36. Rd3 fxg2 37. Bxg2 Qg5 38. Rdd1 Nh5 39. Bd6 Nf4 40. Bxf4 Qxf4 41. Re1 Qg5 42. Kh1 Qf4 43. Kg1 Qg5 44. Kh1 1/2-1/2

[Event "CZE-ch U16 Girls 2023"]
[Site "Teplice"]
[Date "2023.03.13"]
[Round "3.11"]
[White "Reznickova, Sibyla"]
[Black "Hetfleischova, Elen"]
[Result "0-1"]
[ECO "D20"]
[WhiteElo "1386"]
[BlackElo "1623"]
[Annotator "NA RC COMBH"]
[PlyCount "58"]
[EventDate "2023.03.09"]
[EventType "swiss"]
[EventCountry "CZE"]
[SourceTitle "playchess.com"]
[Source "ChessBase"]
[SourceQuality "1"]
[TimeControl "40/5400+30:1800+30"]

1. d4 d5 2. c4 dxc4 3. e4 Nf6 4. Nc3 e5 5. d5 a6 6. Bg5 h6 7. Bh4 b5 8. a4 b4 9. Bxf6 Qxf6 10. Na2 Bc5 11. Nf3 O-O 12. Bxc4 Qg6 13. O-O Qxe4 14. Bd3 Qf4 15. Re1 Nd7 16. Re4 Qf6 17. Nxb4 Qb6 18. a5 Qd6 19. Nc6 f5 20. Rxe5 Nxe5 21. Nfxe5 Bb7 22. Bc4 Kh7 23. Qh5 Bxc6 24. Nxc6 Bxf2+ 25. Kxf2 Qc5+ 26. Kg3 Qxc4 27. Re1 Qxd5 28. Ne7 f4+ 29. Kg4 Qxg2+ 0-1

[Event "CZE-ch U16 Girls 2023"]
[Site "Teplice"]
[Date "2023.03.13"]
[Round "3.12"]
[White "Sterikova, Marketa"]
[Black "Hrbkova, Johana"]
[Result "1-0"]
[ECO "C49"]
[WhiteElo "1254"]
[BlackElo "1254"]
[Annotator "NA RC COMBH"]
[PlyCount "75"]
[EventDate "2023.03.09"]
[EventType "swiss"]
[EventCountry "CZE"]
[SourceTitle "playchess.com"]
[Source "ChessBase"]
[SourceQuality "1"]
[TimeControl "40/5400+30:1800+30"]

1. e4 e5 2. Nc3 Nf6 3. Nf3 Nc6 4. Bb5 Bb4 5. d3 Qe7 6. Bd2 O-O 7. a3 Bc5 8. Bg5 Qd6 9. O-O Nd4 10. Bc4 a6 11. Bh4 b5 12. Ba2 c6 13. Bg3 Nxf3+ 14. Qxf3 Re8 15. Bh4 Bb7 16. Bxf6 Qxf6 17. Qxf6 gxf6 18. Kh1 Rad8 19. f4 d5 20. exd5 cxd5 21. fxe5 fxe5 22. Rae1 Bc6 23. Ne4 Be7 24. Nf6+ Bxf6 25. Rxf6 Rc8 26. Rf5 e4 27. dxe4 Rxe4 28. Rxe4 dxe4 29. Bxf7+ Kg7 30. Bh5 Kh6 31. Bg4 Rc7 32. Re5 Bb7 33. c3 a5 34. Rxb5 Re7 35. Kg1 e3 36. h3 e2 37. Bxe2 Rxe2 38. Rxb7 1-0

[Event "CZE-ch U16 Girls 2023"]
[Site "Teplice"]
[Date "2023.03.14"]
[Round "5.1"]
[White "Zelbova, Lada"]
[Black "Kavanova, Anezka"]
[Result "1-0"]
[ECO "B70"]
[WhiteElo "1822"]
[BlackElo "1384"]
[Annotator "NA RC COMBH"]
[PlyCount "67"]
[EventDate "2023.03.09"]
[EventType "swiss"]
[EventCountry "CZE"]
[SourceTitle "playchess.com"]
[Source "ChessBase"]
[SourceQuality "1"]
[TimeControl "40/5400+30:1800+30"]

1. e4 c5 2. Nf3 d6 3. d4 cxd4 4. Nxd4 Nf6 5. Nc3 g6 6. g3 Bg7 7. Bg2 O-O 8. O-O Nc6 9. Nde2 Bg4 10. h3 Bd7 11. Be3 Ne5 12. b3 Qc8 13. f4 Nc6 14. Kh2 Rd8 15. Qd2 Be6 16. Nd5 Ne8 17. Rac1 Kf8 18. c4 b6 19. Rc2 Rb8 20. Rfc1 Qd7 21. Nd4 Bxd5 22. cxd5 Nxd4 23. Bxd4 f6 24. Rc6 Rbc8 25. Qc3 Rxc6 26. dxc6 Qc7 27. Qc4 Bh6 28. Be3 Rc8 29. Bf1 Qb8 30. b4 Rc7 31. Qd5 e5 32. b5 Qd8 33. Rc3 Kg7 34. Bc4 1-0

[Event "CZE-ch U16 Girls 2023"]
[Site "Teplice"]
[Date "2023.03.14"]
[Round "5.2"]
[White "Vacekova, Anita"]
[Black "Havelkova, Beata"]
[Result "0-1"]
[ECO "B42"]
[WhiteElo "1350"]
[BlackElo "1670"]
[Annotator "NA RC COMBH"]
[PlyCount "144"]
[EventDate "2023.03.09"]
[EventType "swiss"]
[EventCountry "CZE"]
[SourceTitle "playchess.com"]
[Source "ChessBase"]
[SourceQuality "1"]
[TimeControl "40/5400+30:1800+30"]

1. e4 c5 2. Nf3 e6 3. d4 cxd4 4. Nxd4 a6 5. Bd3 Bc5 6. Nb3 Be7 7. Qg4 g6 8. Qe2 d6 9. Be3 b6 10. O-O Bb7 11. N1d2 Nd7 12. a4 Ngf6 13. a5 b5 14. c4 bxc4 15. Nxc4 O-O 16. Nb6 Nxb6 17. Bxb6 Qd7 18. Rfc1 Rfc8 19. f3 Bd8 20. Rxc8 Qxc8 21. Bxd8 Qxd8 22. Nd4 d5 23. e5 Nd7 24. f4 Nc5 25. Bc2 Nd7 26. b4 Nb8 27. Bd3 Kg7 28. g4 Qc7 29. Rb1 Qc3 30. Nf3 Nc6 31. Qd2 d4 32. Be4 Rb8 33. Qxc3 dxc3 34. Kf2 Ne7 35. Bd3 Nd5 36. Kg3 Bc8 37. Nd4 Rxb4 38. Ne2 Ra4 39. Rc1 Rxa5 40. Be4 Ra3 41. Bxd5 exd5 42. Rxc3 Rxc3+ 43. Nxc3 d4 44. Nb1 Bb7 45. Kf2 Be4 46. Nd2 Bc2 47. Nc4 Kf8 48. Ke2 Ke7 49. Kd2 d3 50. f5 Kd7 51. Nd6 a5 52. Nxf7 gxf5 53. gxf5 a4 54. e6+ Ke7 55. Ne5 a3 56. Nc6+ Ke8 57. Nb4 Bb1 58. f6 a2 59. Nxa2 Bxa2 60. e7 Bc4 61. Ke3 Kf7 62. Kd2 Bb5 63. Ke3 Kxf6 64. e8=N+ Bxe8 65. Kxd3 Kf5 66. Ke3 Kg4 67. Kf2 Kh3 68. Kf3 Kxh2 69. Kg4 Bg6 70. Kh4 h5 71. Kg5 Kg3 72. Kxg6 h4 0-1

[Event "CZE-ch U16 Girls 2023"]
[Site "Teplice"]
[Date "2023.03.14"]
[Round "5.3"]
[White "Dobsa, Emma"]
[Black "Cinkova, Vicky"]
[Result "0-1"]
[ECO "B01"]
[WhiteElo "1449"]
[BlackElo "1285"]
[Annotator "NA RC COMBH"]
[PlyCount "40"]
[EventDate "2023.03.09"]
[EventType "swiss"]
[EventCountry "CZE"]
[SourceTitle "playchess.com"]
[Source "ChessBase"]
[SourceQuality "1"]
[TimeControl "40/5400+30:1800+30"]

1. e4 d5 2. exd5 Qxd5 3. Nc3 Qd8 4. d4 Nf6 5. Nf3 Bg4 6. h3 Bxf3 7. Qxf3 c6 8. Be3 e6 9. O-O-O Nbd7 10. Bc4 Bd6 11. g4 Nb6 12. Bd3 Qc7 13. g5 Nfd5 14. Ne4 Nxe3 15. Nxd6+ Qxd6 16. fxe3 Qd5 17. Rhf1 Rf8 18. Qg3 Qxa2 19. g6 hxg6 20. Bxg6 Nc4 0-1

[Event "CZE-ch U16 Girls 2023"]
[Site "Teplice"]
[Date "2023.03.14"]
[Round "5.4"]
[White "Dominikova, Denisa"]
[Black "Dudkova, Josefina"]
[Result "0-1"]
[ECO "B01"]
[WhiteElo "1301"]
[BlackElo "1519"]
[Annotator "NA RC COMBH"]
[PlyCount "92"]
[EventDate "2023.03.09"]
[EventType "swiss"]
[EventCountry "CZE"]
[SourceTitle "playchess.com"]
[Source "ChessBase"]
[SourceQuality "1"]
[TimeControl "40/5400+30:1800+30"]

1. e4 d5 2. exd5 Qxd5 3. Nc3 Qd6 4. d4 Nf6 5. Nf3 c6 6. h3 Bf5 7. Bd3 Bxd3 8. Qxd3 Nbd7 9. O-O e6 10. Be3 Be7 11. Rfe1 h6 12. Nd2 Nb6 13. a3 g5 14. Nce4 Nxe4 15. Nxe4 Qd5 16. Bd2 h5 17. Bb4 g4 18. Bxe7 Kxe7 19. h4 Rad8 20. Rad1 Qc4 21. b3 Qxd3 22. Rxd3 Nd5 23. g3 b6 24. c4 Nf6 25. Nc3 Rd6 26. Rdd1 Rhd8 27. Ne2 Kf8 28. b4 c5 29. Nf4 Rxd4 30. Rc1 Re8 31. Re5 cxb4 32. axb4 Rc8 33. Rxe6 Rxf4 34. Rd6 Rf5 35. c5 bxc5 36. bxc5 Ne4 37. Ra6 Rcxc5 38. Re1 Nxf2 39. Re2 Nh3+ 40. Kg2 Rf3 41. Rxa7 Rcc3 42. Rd2 Rxg3+ 43. Kh2 Nf4 44. Rad7 Rh3+ 45. Kg1 Rc1+ 46. Kf2 Rf3# 0-1

[Event "CZE-ch U16 Girls 2023"]
[Site "Teplice"]
[Date "2023.03.14"]
[Round "5.5"]
[White "Stavova, Marketa"]
[Black "Archlebova, Stela"]
[Result "1-0"]
[ECO "C50"]
[WhiteElo "1284"]
[BlackElo "1360"]
[Annotator "NA RC COMBH"]
[PlyCount "113"]
[EventDate "2023.03.09"]
[EventType "swiss"]
[EventCountry "CZE"]
[SourceTitle "playchess.com"]
[Source "ChessBase"]
[SourceQuality "1"]
[TimeControl "40/5400+30:1800+30"]

1. e4 e5 2. Nf3 Nc6 3. Bc4 Nf6 4. d3 Bc5 5. c3 d6 6. O-O Bg4 7. h3 Bh5 8. Nbd2 O-O 9. Re1 Qd7 10. Nf1 Rad8 11. Ng3 Bxf3 12. Qxf3 h6 13. Bxh6 Ne7 14. Be3 Bb6 15. Rad1 c6 16. Bb3 Qc7 17. d4 Rfe8 18. Bg5 Nh7 19. Qxf7+ Kh8 20. Nh5 Ng8 21. Bxd8 Rxd8 22. Qxc7 Bxc7 23. dxe5 dxe5 24. Rxd8 Bxd8 25. Rd1 Bb6 26. Bxg8 Kxg8 27. Rd7 g6 28. Ng3 Nf6 29. Rxb7 Ne8 30. Re7 Nd6 31. b3 Ba5 32. c4 Bc3 33. Rxa7 Bd4 34. Ra6 Nb7 35. Rxc6 Nc5 36. Rxg6+ Kf7 37. Rd6 Nd3 38. Nf5 Bxf2+ 39. Kf1 Bd4 40. Nxd4 exd4 41. Rxd4 Nb4 42. Rd2 Ke6 43. a3 Nc6 44. b4 Ne5 45. Rd4 Nc6 46. Rd5 Ne5 47. Rxe5+ Kxe5 48. b5 Kd6 49. h4 Kc5 50. h5 Kb6 51. h6 Ka5 52. h7 Kb6 53. h8=Q Kb7 54. Qh6 Ka8 55. Qg7 Kb8 56. b6 Kc8 57. Qc7# 1-0

[Event "CZE-ch U16 Girls 2023"]
[Site "Teplice"]
[Date "2023.03.14"]
[Round "5.6"]
[White "Seda, Michaela"]
[Black "Barteckova, Denisa"]
[Result "0-1"]
[ECO "B13"]
[WhiteElo "1610"]
[BlackElo "1417"]
[Annotator "NA RC COMBH"]
[PlyCount "96"]
[EventDate "2023.03.09"]
[EventType "swiss"]
[EventCountry "CZE"]
[SourceTitle "playchess.com"]
[Source "ChessBase"]
[SourceQuality "1"]
[TimeControl "40/5400+30:1800+30"]

1. e4 c6 2. d4 d5 3. exd5 cxd5 4. Bd3 Nf6 5. c3 g6 6. Bf4 Nc6 7. Nf3 Bf5 8. Bxf5 gxf5 9. Ne5 Nxe5 10. Bxe5 Bg7 11. Nd2 Rg8 12. Bxf6 Bxf6 13. g3 e6 14. Nb3 b6 15. Qe2 Qd7 16. a4 a5 17. Nd2 Qc6 18. O-O Rg4 19. Nb1 Kd7 20. Qd1 h5 21. Na3 h4 22. Nb5 Rag8 23. Qf3 Qc8 24. Kg2 Qb8 25. Rg1 R8g6 26. Kh1 Qg8 27. h3 Re4 28. gxh4 Bxh4 29. Rae1 Rxe1 30. Rxe1 Bg5 31. c4 dxc4 32. Qb7+ Ke8 33. Qxb6 Rh6 34. Qb8+ Bd8 35. Qh2 Bh4 36. Nd6+ Kf8 37. Re2 Qh8 38. d5 Bg3 39. dxe6 Rxh3 40. fxg3 Rxh2+ 41. Rxh2 Qe5 42. e7+ Kxe7 43. Rh6 f6 44. Nc8+ Ke6 45. Rh7 Qxb2 46. Re7+ Kd5 47. Rd7+ Ke4 48. Nd6+ Kf3 0-1

[Event "CZE-ch U16 Girls 2023"]
[Site "Teplice"]
[Date "2023.03.14"]
[Round "5.7"]
[White "Macova, Marketa"]
[Black "Janouskova, Adela"]
[Result "0-1"]
[ECO "B26"]
[WhiteElo "1195"]
[BlackElo "1558"]
[Annotator "NA RC COMBH"]
[PlyCount "78"]
[EventDate "2023.03.09"]
[EventType "swiss"]
[EventCountry "CZE"]
[SourceTitle "playchess.com"]
[Source "ChessBase"]
[SourceQuality "1"]
[TimeControl "40/5400+30:1800+30"]

1. e4 c5 2. Nc3 Nc6 3. g3 g6 4. Bg2 Bg7 5. d3 d6 6. Be3 e6 7. f4 Nge7 8. Nf3 a6 9. O-O O-O 10. Qe2 Nd4 11. Qd1 Nec6 12. Bxd4 cxd4 13. Ne2 Qb6 14. b3 Bd7 15. g4 f5 16. gxf5 exf5 17. exf5 Bxf5 18. Nh4 Ne7 19. Ng3 Bd7 20. Qd2 Bh6 21. Rae1 Rae8 22. Ne4 Nd5 23. Ng5 Ne3 24. Rf2 Rc8 25. Rc1 Rc7 26. c3 dxc3 27. Rxc3 Rxc3 28. Qxc3 Bxg5 29. Nf3 Bxf4 30. Ne1 Bxh2+ 31. Kxh2 Rxf2 32. Kh1 Bc6 33. a3 Bxg2+ 34. Nxg2 Nxg2 35. Qc8+ Kg7 36. Qd7+ Rf7 37. Qh3 Qf2 38. Qxg2 Qxg2+ 39. Kxg2 h5 0-1

[Event "CZE-ch U16 Girls 2023"]
[Site "Teplice"]
[Date "2023.03.14"]
[Round "5.8"]
[White "Souralova, Jana"]
[Black "Sikorova, Jana"]
[Result "1/2-1/2"]
[ECO "B40"]
[WhiteElo "1187"]
[BlackElo "1735"]
[Annotator "NA RC COMBH"]
[PlyCount "83"]
[EventDate "2023.03.09"]
[EventType "swiss"]
[EventCountry "CZE"]
[SourceTitle "playchess.com"]
[Source "ChessBase"]
[SourceQuality "1"]
[TimeControl "40/5400+30:1800+30"]

1. e4 c5 2. Nf3 e6 3. Be2 a6 4. O-O Qc7 5. d4 cxd4 6. Nxd4 Nf6 7. Nc3 b5 8. Bf3 Nc6 9. Nxc6 dxc6 10. Be3 Bb7 11. Qe2 Be7 12. Rad1 O-O 13. a3 c5 14. Rd2 Rad8 15. Rfd1 Rd7 16. Bf4 Rxd2 17. Qxd2 Qc8 18. Qe3 Rd8 19. Rd2 Rxd2 20. Qxd2 b4 21. axb4 cxb4 22. Na4 Bxe4 23. Bxe4 Nxe4 24. Qd3 Qc6 25. b3 h6 26. h3 Nc5 27. Qc4 Qe4 28. Qxe4 Nxe4 29. Kf1 Kf8 30. Ke2 Bd6 31. Bxd6+ Nxd6 32. Kd3 Ke7 33. Kd4 Nb5+ 34. Kc4 Na3+ 35. Kxb4 Nxc2+ 36. Ka5 Nd4 37. Nc5 Kd6 38. b4 Nc6+ 39. Ka4 Nb8 40. Ka5 Nc6+ 41. Ka4 Nb8 42. Ka5 1/2-1/2